 Dungeon Sprint DCSS version 0.26-a0-663-g36e8fdb655 (webtiles) character file.

Game seed: 18367402985355967692

29850184 olmar the Skullcrusher (level 20, 88/216 HPs)
             Began as a Minotaur Fighter on Oct 11, 2020.
             Was an Initiate of Gozag.
             Escaped with the Orb
             ... and 10 runes!
             The game lasted 01:01:20 (21486 turns).

olmar the Skullcrusher (Minotaur Fighter)          Turns: 21486, Time: 01:01:20

Health: 88/216     AC: 44    Str: 39    XL:     20   Next: 9%
Magic:  17/17      EV: 14    Int: 17    God:    Gozag
Gold:   13707      SH: 16    Dex:  4    Spells: 19/19 levels left

rFire    + + .     SeeInvis .   V - +12 morningstar "Qujookhy" {elec, rN+ MR+ Int+3}
rCold    + + +     Faith    .   w - +6 buckler "Umuar" {MR+ rCorr Str+2 Stlth+}
rNeg     + + +     Spirit   .   b - +12 crystal plate armour
rPois    +         Reflect  .   P - -2 hat of the Alchemist {rElec rPois rF+ rC+ rN+ MR+ rMut rCorr}
rElec    +         Harm     .   z - scarf {rC+ rF+}
rCorr    +         Rampage  +   O - +2 pair of gloves of Deygahony {Str+8 Int+5 Dex-5}
rMut     +         NoTele   +   A - +0 pair of boots {rampage}
MR       +++++                  f - amulet of the Genius {Acrobat rC+ MR+ Slay+2}
Stlth    +.........             X - ring of flight
HPRegen  0.46/turn              d - ring "Cogat" {rN+ AC+4 Int+4}
MPRegen  0.15/turn

@: gold aura
A: retaliatory headbutt, horns 2, blurry vision 3, clumsy 1, cold resistance 1,
deformed body, low mp 1, wild magic 1
0: Orb of Zot
}: 10/10 runes: serpentine, barnacled, slimy, silver, golden, iron, obsidian,
icy, bone, demonic
a: Potion Petition, Call Merchant, Bribe Branch, Renounce Religion, Evoke Flight


You escaped.
You worshipped Gozag.
Gozag was extremely pleased with you.
You visited 1 branch You collected 47463 gold pieces.
You spent 9789 gold pieces at shops.
You paid 23967 gold pieces to Gozag.

Inventory:

Hand Weapons
 u - the +2 morningstar of the Protecting Whale {holy, MR++}
   (You found it in the Dungeon)

   It has been blessed by the Shining One to cause great damage to the undead
   and demons.
   It affects your resistance to hostile enchantments.
 G - a +2 eveningstar of draining
 V - the +12 morningstar "Qujookhy" (weapon) {elec, rN+ MR+ Int+3}
   (You found it in the Dungeon)

   Occasionally, upon striking a foe, it will discharge some electrical energy
   and cause terrible harm.
   It affects your intelligence (+3).
   It protects you from negative energy.
   It affects your resistance to hostile enchantments.
Armour
 b - a +12 crystal plate armour (worn)
 w - the +6 buckler "Umuar" (worn) {MR+ rCorr Str+2 Stlth+}
   (You bought it in a shop in the Dungeon)

   It affects your strength (+2).
   It affects your resistance to hostile enchantments.
   It provides partial protection from all sources of acid and corrosion.
   It makes you more stealthy.
 z - a scarf of resistance (worn)
 A - a +0 pair of boots of rampaging (worn)
 O - the +2 pair of gloves of Deygahony (worn) {Str+8 Int+5 Dex-5}
   (You bought it in a shop in the Dungeon)

   It affects your strength (+8).
   It affects your intelligence (+5).
   It affects your dexterity (-5).
 P - the -2 hat of the Alchemist (worn) {rElec rPois rF+ rC+ rN+ MR+ rMut rCorr}
   (You bought it in a shop in the Dungeon)

   It protects you from fire.
   It protects you from cold.
   It insulates you from electricity.
   It protects you from poison.
   It protects you from negative energy.
   It affects your resistance to hostile enchantments.
   It provides partial protection from all sources of acid and corrosion.
   It protects you from mutation.
Jewellery
 d - the ring "Cogat" (right hand) {rN+ AC+4 Int+4}
   (You acquired it in the Dungeon)

   [ring of protection]

   It affects your AC (+4).
   It affects your intelligence (+4).
   It protects you from negative energy.
 f - the amulet of the Genius (around neck) {Acrobat rC+ MR+ Slay+2}
   (You acquired it in the Dungeon)

   [amulet of the acrobat]

   It helps you evade while moving and waiting.
   It affects your accuracy and damage with ranged weapons and melee attacks
   (+2).
   It protects you from cold.
   It affects your resistance to hostile enchantments.
 x - the ring "Hiuz" {MR+ Str+3 Int+5 Dex-4}
   (You found it in the Dungeon)

   [ring of protection from magic]

   It affects your strength (+3).
   It affects your intelligence (+5).
   It affects your dexterity (-4).
   It affects your resistance to hostile enchantments.
 H - the ring "Ahuyxoga" {Fire MP+9}
   (You found it in the Dungeon)

   [ring of fire]

   It enhances your fire magic.
   It protects you from fire.
   It makes you vulnerable to cold.
   It affects your magic capacity (+9).
 J - an uncursed ring of protection from fire
 S - the ring of Dicw {rC+ MP+9}
   (You found it in the Dungeon)

   [ring of protection from cold]

   It protects you from cold.
   It affects your magic capacity (+9).
 X - a ring of flight (left hand)
Wands
 t - a wand of acid (3)
 v - a wand of digging (7)
 E - a wand of paralysis (6)
 F - a wand of polymorph (8)
Scrolls
 n - 2 scrolls of torment
 o - a scroll of identify
 p - 4 scrolls of remove curse
 q - 3 scrolls of magic mapping
 r - 3 scrolls of fear
 B - 7 scrolls of amnesia
 C - 9 scrolls of enchant weapon
 K - a scroll of fog
 M - a scroll of silence
 N - a scroll of immolation
Potions
 c - 4 potions of stabbing
 e - 2 potions of heal wounds
 h - 5 potions of magic
 i - 2 potions of curing
 j - 3 potions of resistance
 k - a potion of ambrosia
 m - a potion of mutation
 s - 2 potions of invisibility
 I - 8 potions of haste
 L - a potion of berserk rage
 R - 2 potions of cancellation
 W - 2 potions of flight
Miscellaneous
 a - a tin of tremorstones (3/3)
 g - a box of beasts (3/3)
 l - the horn of Geryon
 y - a phial of floods
 D - a condenser vane (2/2)
 U - a lightning rod (4/4)


   Skills:
 O Level 27 Fighting
 O Level 27 Maces & Flails
 + Level 15.2 Throwing
 O Level 27 Armour
 O Level 27 Dodging
 O Level 27 Stealth
 O Level 27 Shields
   Level 9.7 Hexes
   Level 11.0 Necromancy
   Level 11.1 Translocations
 O Level 27 Evocations


You had 19 spell levels left.
You didn't know any spells.
Your spell library contained the following spells:

 Spells                   Type           Power        Failure   Level
 Animate Skeleton         Necr           #####.       1%          1
 Apportation              Tloc           #####.       1%          1
 Corona                   Hex            #####..      3%          1
 Slow                     Hex            #####...     4%          2
 Confusing Touch          Hex            #####...     8%          3
 Cause Fear               Hex            #####.....   22%         4
 Dazzling Flash           Conj/Hex       ###...       43%         3
 Inner Flame              Hex/Fire       ###.....     43%         3
 Summon Guardian Golem    Hex/Summ       ###.....     43%         3
 Beastly Appendage        Tmut           #.....       73%         1
 Freeze                   Ice            #...         73%         1
 Magic Dart               Conj           #...         73%         1
 Sandblast                Erth           #.....       73%         1
 Shock                    Conj/Air       #...         73%         1
 Summon Small Mammal      Summ           #...         73%         1
 Iskenderun's Mystic Bla  Conj/Tloc      ###.....     73%         4
 Fulminant Prism          Conj/Hex       ###.......   82%         4
 Leda's Liquefaction      Hex/Erth       ###.......   82%         4
 Searing Ray              Conj           #.....       85%         2
 Swiftness                Air            #.......     85%         2
 Wereblood                Tmut           #.......     85%         2
 Borgnjor's Vile Clutch   Necr/Erth      ###.......   96%         5
 Invisibility             Hex            #####...     96%         6
 Frozen Ramparts          Ice            #.....       97%         3
 Ignite Poison            Fire/Tmut/Pois #.......     97%         3
 Ozocubu's Armour         Ice            #.......     97%         3
 Spider Form              Tmut/Pois      #.........   97%         3
 Static Discharge         Conj/Air       #.......     97%         3
 Stone Arrow              Conj/Erth      #.....       97%         3
 Silence                  Hex/Air        ###.......   98%         5
 Summon Mana Viper        Hex/Summ       ###.....     98%         5
 Airstrike                Air            #.........   100%        4
 Hailstorm                Conj/Ice       #.......     100%        4
 Ice Form                 Ice/Tmut       #.......     100%        4
 Olgreb's Toxic Radiance  Pois           #.......     100%        4
 Petrify                  Tmut/Erth      #.......     100%        4
 Summon Ice Beast         Ice/Summ       #.......     100%        4
 Summon Lightning Spire   Summ/Air       #.......     100%        4
 Blade Hands              Tmut           #.........   100%        5
 Bolt of Magma            Conj/Fire/Erth #.........   100%        5
 Irradiate                Conj/Tmut      #.........   100%        5
 Lightning Bolt           Conj/Air       #.........   100%        5
 Conjure Ball Lightning   Conj/Air       #.........   100%        6
 Hydra Form               Tmut           #.........   100%        6
 Iron Shot                Conj/Erth      #.........   100%        6
 Statue Form              Tmut/Erth      #........    100%        6
 Dragon Form              Tmut           #.........   100%        7
 Discord                  Hex            #####.....   100%        8
 Disjunction              Tloc           #####.....   100%        8
 Ignition                 Fire           #.........   100%        8
 Shatter                  Erth           #.........   100%        9
 Tornado                  Air            #.........   100%        9


Dungeon Overview and Level Annotations

Branches:
Dungeon (1/1)

Altars:
Cheibriados
Dithmenos
Elyvilon
Fedhas
Gozag
Hepliaklqana
Kikubaaqudgha
Makhleb
Nemelex Xobeh
Okawaru
Qazlal
Ru
Sif Muna
Trog
Uskayaw
Vehumet
Wu Jian
Xom
Yredelemnul
Zin
The Shining One
Beogh
Jiyva
Lugonu

Shops:
D (([?[}}?[(([=[}[[!}[}=[(?![:=:(}=[[


Innate Abilities, Weirdness & Mutations

You reflexively headbutt those who attack you in melee.
You have a pair of horns on your head.
Scrolls take you much longer to read.
You are clumsy. (Dex -2)
Your flesh is cold resistant. (rC+)
Armour fits poorly on your strangely shaped body.
Your magical capacity is low. (-10% MP)
Your spells are a little harder to cast, but a little more powerful.


Message History

Your condenser vane (2/2) has regained one charge.
Your Throwing skill gained 2 levels and is now at level 15!
Your primal batshock beast is engulfed in blazing flames.
Your primal oxshock beast is engulfed in blazing flames.
Unknown command.
Really walk into that cloud of flame?
You are engulfed in blazing flames.
You resist.
Your primal batshock beast is engulfed in blazing flames.
Your primal oxshock beast is engulfed in blazing flames.
You are engulfed in blazing flames.
You resist.
Your primal batshock beast is engulfed in blazing flames.
Your primal oxfire beast is engulfed in blazing flames.
Your primal oxshock beast is engulfed in blazing flames.
There is an open door here.
Unknown command.
Your primal batshock beast is engulfed in blazing flames. x2
Your primal oxfire beast is engulfed in blazing flames.
Your primal oxshock beast is engulfed in blazing flames.
There is a staircase leading out of the dungeon here.
You have escaped!

▓▓▓▓▓▓▓▓▓▓▓ ▓▓
▓@.#..'...♣♣♣♣ ♣.
▓HH#..#......♣ ♣.
▓#H####......♣ ♣.
▓.§§..#....≈♣♣♣♣♣.
▓.○$§.#...≈≈..♣...
▓.§§.§#..≈≈≈≈♣♣...
▓####'#..≈≈≈≈≈≈...
▓[....#.≈≈≈≈≈≈....
▓.....#.≈≈≈≈≈.....


You could see 3 friendly mutant beasts.

Vanquished Creatures
  Gloorx Vloq (D)
  the Serpent of Hell (D)
  Dispater (D)
  An orb of fire (D)
  Mennas (D)
  An ancient lich (D)
  Mara (D)
  2 pandemonium lords (D)
  6 greater mummies (D)
  Sojobo (D)
  A Killer Klown (D)
  Nikola (D)
  3 bone dragons (D)
  A Brimstone Fiend (D)
  A lich (D)
  Nellie (D)
  An electric golem (D)
  Rupert (D)
  5 Ice Fiends (D)
  A Hell Sentinel (D)
  3 Orb Guardians (D)
  2 deep elf blademasters (D)
  A deep elf master archer (D)
  2 quicksilver dragons (D)
  9 acid blobs (D)
  A titan (D)
  2 sphinxes (D)
  Murray (D)
  Gastronok (D)
  An Executioner (D)
  Chuck (D)
  A storm dragon (D)
  Roxanne (D)
  Dowan (D)
  A nagaraja (D)
  4 shadow dragons (D)
  15 azure jellies (D)
  3 ghost moths (D)
  2 fire giants (D)
  3 frost giants (D)
  An iron dragon (D)
  A black sun (D)
  A draconian scorcher (D)
  A draconian knight (D)
  2 cacodemons (D)
  2 draconian stormcallers (D)
  5 vampire knights (D)
  A stone giant (D)
  Azrael (D)
  3 deep elf demonologists (D)
  2 dire elephants (D)
  A lorocyproca (D)
  A deep elf death mage (D)
  4 death oozes (D)
  A fire dragon (D)
  9 mummy priests (D)
  4 yaktaur captains (D)
  A deep elf high priest (D)
  2 hydras (D)
  16 vault guards (D)
  A naga warrior (D)
  3 hell beasts (D)
  3 anacondas (D)
  2 centaur warriors (D)
  An ogre mage (D)
  An iron golem (D)
  An iron elemental (D)
  4 death yaks (D)
  A titan zombie (D)
  2 sun demons (D)
  Urug (D)
  2 orc high priests (D)
  A shadow wraith (D)
  3 soul eaters (D)
  3 deep elf knights (D)
  An anaconda zombie (D)
  5 sixfirhies (D)
  A sea snake (D)
  A death drake (D)
  A glowing orange brain (D)
  7 skeletal warriors (D)
  A glowing orange brain (shapeshifter) (D)
  A spectral iron dragon (D)
  A golden dragon zombie (D)
  A spriggan druid (D)
  2 orange crystal statues (D)
  An obsidian statue (D)
  3 kraken simulacra (D)
  A lindwurm (D)
  A wolf spider (shapeshifter) (D)
  2 oklob plants (D)
  2 deep elf magi (D)
  A necromancer (D)
  5 ugly things (D)
  4 crystal guardians (D)
  4 shining eyes (D)
  2 elephants (D)
  A moth of wrath (D)
  3 rust devils (D)
  A stone giant skeleton (D)
  6 black mambas (D)
  A guardian serpent (D)
  A molten gargoyle (D)
  9 statues (D)
  An orange demon (D)
  A torpor snail (shapeshifter) (D)
  2 cane toads (D)
  7 yaktaurs (D)
  4 hellions (D)
  A tormentor (D)
  A komodo dragon (D)
  A rime drake (D)
  30 guardian mummies (D)
  2 ice devils (D)
  A red devil (D)
  3 wandering mushrooms (D)
  A queen bee (D)
  4 spriggan defenders (D)
  2 tyrant leeches (D)
  11 slime creatures (D)
  2 hornets (D)
  8 blink frogs (D)
  3 dream sheep (D)
  7 shadows (D)
  5 redbacks (D)
  2 spriggans (D)
  A spatial vortex (D)
  2 iron troll simulacra (D)
  2 nagas (D)
  A hydra simulacrum (D)
  6 water moccasins (D)
  2 floating eyes (D)
  An orc warrior (D)
  A swamp drake (D)
  4 two-headed ogres (D)
  A water elemental (D)
  32 killer bees (D)
  4 electric eels (D)
  9 quasits (D)
  Crazy Yiuf (D)
  A jelly (D)
  2 orc priests (D)
  3 polar bear simulacra (D)
  2 humans (D)
  A kobold demonologist (D)
  An adder (D)
  An ooze (D)
  2 adder simulacra (D)
  5 orcs (D)
  A bat zombie (D)
  3 rats (D)
  2 ballistomycete spores (D)
  8 butterflies (D)
  2 plants (D)
  2 tentacles (D)
447 creatures vanquished.

Vanquished Creatures (collateral kills)
  Antaeus (D)
  the Royal Jelly (D)
  Tiamat (D)
  A greater mummy (D)
  Geryon (D)
  An iron giant (D)
  2 Hell Sentinels (D)
  An acid blob (D)
  Polyphemus (D)
  Ilsuiw (D)
  A cacodemon (D)
  A draconian scorcher (D)
  2 draconian stormcallers (D)
  4 war gargoyles (D)
  A stone giant (D)
  Nessos (D)
  A yellow draconian (D)
  A green death (D)
  A merfolk javelineer (D)
  A yaktaur captain (D)
  Erolcha (D)
  A vault guard (D)
  An iron elemental (D)
  4 dancing weapons (D)
  2 orc high priests (D)
  2 orc knights (D)
  A shining eye (D)
  4 deep elf magi (D)
  Duvessa (D)
  2 hellions (D)
  5 yaktaurs (D)
  A hornet (D)
  A shadow (D)
  A human (D)
  A golden eye (D)
  A floating eye (D)
  3 orc warriors (D)
  A fire dragon simulacrum (D)
  A necrophage (D)
  A two-headed ogre (D)
  A wizard (D)
  A necromancer (D)
  6 orcs (D)
68 creatures vanquished.

Vanquished Creatures (others)
  Boris (D)
  5 ball lightnings (D)
  A ballistomycete spore (D)
  A bush (D)
  38 plants (D)
  7 tentacles (D)
53 creatures vanquished.

Grand Total: 568 creatures vanquished

Notes
Turn   | Place    | Note
-------+----------+-------------------------------------------
     0 | D        | olmar the Minotaur Fighter began the quest for the Orb.
     0 | D        | Reached XP level 1. HP: 19/19 MP: 0/0
    36 | D        | Reached skill level 5 in Fighting
    36 | D        | Reached skill level 5 in Armour
    36 | D        | Reached skill level 5 in Shields
    36 | D        | Reached XP level 2. HP: 29/29 MP: 1/1
    39 | D        | Noticed Crazy Yiuf
    45 | D        | Killed Crazy Yiuf
    45 | D        | Reached XP level 3. HP: 37/37 MP: 2/2
    62 | D        | Gained mutation: Your magical capacity is low. (-10% MP)
                  | [potion of mutation]
    62 | D        | Gained mutation: Your muscles are strong. (Str +2) [potion
                  | of mutation]
    76 | D        | Noticed a water elemental
    84 | D        | Killed a water elemental
    84 | D        | Reached skill level 5 in Maces & Flails
    84 | D        | Reached XP level 4. HP: 47/47 MP: 2/2
    98 | D        | Noticed a shadow
   106 | D        | Killed a shadow
   106 | D        | Reached XP level 5. HP: 57/57 MP: 3/3
   106 | D        | Reached XP level 6. HP: 63/63 MP: 4/4
   127 | D        | Found a blossoming altar of Fedhas.
   127 | D        | Found a stormy altar of Qazlal.
   128 | D        | Found a snail-covered altar of Cheibriados.
   128 | D        | Found a burning altar of Makhleb.
   128 | D        | Found a hazy altar of Hepliaklqana.
   128 | D        | Found a shimmering altar of Xom.
   128 | D        | Found an opulent altar of Gozag.
   128 | D        | Found a sparkling altar of Nemelex Xobeh.
   128 | D        | Found a corrupted altar of Lugonu.
   128 | D        | Found a viscous altar of Jiyva.
   128 | D        | Noticed a spatial vortex
   270 | D        | Became a worshipper of Gozag Ym Sagoz the Greedy
   270 | D        | Found the +5 robe of Misfortune {*Contam Harm *Corrode
                  | *Drain *Slow EV+5}
   280 | D        | Killed a spatial vortex
   280 | D        | Reached skill level 10 in Fighting
   311 | D        | Found a basalt altar of Yredelemnul.
   311 | D        | Found a shadowy altar of Dithmenos.
   311 | D        | Found a sacrificial altar of Ru.
   330 | D        | Found a radiant altar of Vehumet.
   330 | D        | Found a shimmering blue altar of Sif Muna.
   330 | D        | Found an ancient bone altar of Kikubaaqudgha.
   334 | D        | Noticed a chaos spawn
   334 | D        | Reached XP level 7. HP: 61/73 MP: 5/5
   352 | D        | Found a hide-covered altar of Uskayaw.
   352 | D        | Found a roughly hewn altar of Beogh.
   352 | D        | Found an iron altar of Okawaru.
   352 | D        | Found a bloodstained altar of Trog.
   352 | D        | Found an ornate altar of the Wu Jian Council.
   352 | D        | Noticed a human
   352 | D        | Noticed a human
   359 | D        | Killed a human
   359 | D        | Reached skill level 10 in Armour
   363 | D        | Killed a human
   363 | D        | Reached skill level 10 in Maces & Flails
   378 | D        | Found a glowing silver altar of Zin.
   378 | D        | Found a glowing golden altar of the Shining One.
   378 | D        | Found a white marble altar of Elyvilon.
   379 | D        | Noticed a deep elf mage
   383 | D        | Killed a deep elf mage
   383 | D        | Reached skill level 1 in Evocations
   383 | D        | Reached XP level 8. HP: 51/82 MP: 6/6
   423 | D        | Reached skill level 10 in Shields
   593 | D        | Found Iluiqur's Weapon Boutique.
   593 | D        | Noticed an orc high priest
   594 | D        | Noticed an orc knight
   610 | D        | Killed an orc high priest
   669 | D        | Noticed an orc high priest
   675 | D        | Killed an orc high priest
   675 | D        | Reached XP level 9. HP: 34/92 MP: 7/7
   699 | D        | Killed an orc knight
   833 | D        | Bought a +2 morningstar of pain for 308 gold pieces
   929 | D        | Noticed a two-headed ogre
   938 | D        | Killed a two-headed ogre
  1032 | D        | Noticed a two-headed ogre
  1032 | D        | Noticed Erolcha
  1043 | D        | Killed Erolcha
  1043 | D        | Reached skill level 5 in Evocations
  1049 | D        | Killed a two-headed ogre
  1053 | D        | Reached skill level 15 in Maces & Flails
  1316 | D        | Bought the ring of Salvation {rElec MR+ Int+6} for 859 gold
                  | pieces
  1316 | D        | Bought an uncursed amulet of guardian spirit for 330 gold
                  | pieces
  1324 | D        | Bought an ichor-stained chain mail for 313 gold pieces
  1334 | D        | Identified the cursed +1 chain mail of Owally {Str+4} (You
                  | bought it in a shop in the Dungeon)
  1336 | D        | Bought the +6 buckler "Umuar" {MR+ rCorr Str+2 Stlth+} for
                  | 895 gold pieces
  1347 | D        | Noticed a deep elf knight
  1347 | D        | Noticed a deep elf mage
  1347 | D        | Noticed a deep elf mage
  1347 | D        | Noticed a deep elf mage
  1347 | D        | Noticed a deep elf mage
  1356 | D        | Killed a deep elf mage
  1356 | D        | Reached XP level 10. HP: 101/101 MP: 8/8
  1360 | D        | Killed a deep elf knight
  1363 | D        | Killed a deep elf mage
  1365 | D        | Noticed an orange demon
  1372 | D        | Killed a deep elf mage
  1373 | D        | Noticed a deep elf mage
  1376 | D        | Noticed a deep elf death mage
  1378 | D        | Killed a deep elf mage
  1380 | D        | Noticed a deep elf demonologist
  1474 | D        | Noticed Dowan
  1474 | D        | Noticed Duvessa
  1479 | D        | Killed Dowan
  1484 | D        | Killed Duvessa
  1829 | D        | Noticed an orange demon
  2107 | D        | Noticed an orange crystal statue
  2111 | D        | Found Zior's Distillery.
  2111 | D        | Found Rovinkeh's Book Shop.
  2111 | D        | Found Upur's Gadget Shoppe.
  2111 | D        | Found Feed's Magic Scroll Boutique.
  2111 | D        | Found Wijohen's Weapon Shop.
  2111 | D        | Found Upapn's Book Emporium.
  2111 | D        | Found Qoupamm's Jewellery Boutique.
  2112 | D        | Found Jion's Antique Weapon Boutique.
  2112 | D        | Found Aqelyet's Antique Armour Shoppe.
  2112 | D        | Found Kutukkis's Jewellery Shop.
  2112 | D        | Found Wesuf's Gadget Emporium.
  2134 | D        | Bought a glowing scarf for 224 gold pieces
  2145 | D        | Bought a scroll of enchant armour for 82 gold pieces
  2145 | D        | Bought a scroll of amnesia for 38 gold pieces
  2145 | D        | Bought a scroll of remove curse for 33 gold pieces
  2145 | D        | Bought a scroll of identify for 22 gold pieces
  2145 | D        | Bought a scroll of enchant weapon for 82 gold pieces
  2151 | D        | Bought a condenser vane (2/2) for 280 gold pieces
  2184 | D        | Killed an orange crystal statue
  2184 | D        | Reached skill level 15 in Armour
  2184 | D        | Reached XP level 11. HP: 111/111 MP: 1/8
  2400 | D        | Noticed a centaur warrior
  2410 | D        | Killed a centaur warrior
  2410 | D        | Reached skill level 15 in Fighting
  2627 | D        | Noticed a fire dragon
  2641 | D        | Killed a fire dragon
  2792 | D        | Noticed a shock serpent
  2792 | D        | Noticed a two-headed ogre
  2792 | D        | a shock serpent changed into a two-headed ogre
  2793 | D        | Noticed a glowing orange brain
  2793 | D        | Noticed an entropy weaver
  2793 | D        | a two-headed ogre changed into an entropy weaver
  2794 | D        | Noticed a fire dragon
  2794 | D        | an entropy weaver changed into a fire dragon
  2795 | D        | Noticed a wolf spider
  2795 | D        | a fire dragon changed into a wolf spider
  2796 | D        | Killed a glowing orange brain
  2800 | D        | Killed a wolf spider
  2966 | D        | Noticed a +0 morningstar of draining
  2966 | D        | Noticed a +2 mace of holy wrath
  2970 | D        | Killed a +0 morningstar of draining
  2971 | D        | Noticed a +3 glaive of freezing
  2974 | D        | Killed a +2 mace of holy wrath
  2978 | D        | Killed a +3 glaive of freezing
  2979 | D        | Noticed a +0 halberd of freezing
  2989 | D        | Killed a +0 halberd of freezing
  3190 | D        | Noticed a yaktaur captain
  3252 | D        | Killed a yaktaur captain
  3259 | D        | Noticed a white ugly thing
  3264 | D        | Reached skill level 15 in Shields
  3268 | D        | Killed a white ugly thing
  3473 | D        | Reached XP level 12. HP: 122/122 MP: 9/9
  3664 | D        | Reached skill level 10 in Evocations
  4128 | D        | Noticed Urug
  4135 | D        | Killed Urug
  4175 | D        | Noticed a four-headed hydra
  4175 | D        | Noticed an eight-headed hydra
  4179 | D        | Killed an eight-headed hydra
  4181 | D        | Killed a four-headed hydra
  4276 | D        | Found a blossoming altar of Fedhas.
  5246 | D        | Noticed an anaconda
  5255 | D        | Killed an anaconda
  5326 | D        | Noticed an anaconda
  5326 | D        | Noticed an anaconda
  5331 | D        | Killed an anaconda
  5333 | D        | Killed an anaconda
  5573 | D        | Noticed a naga warrior
  5574 | D        | Noticed a nagaraja
  5582 | D        | Killed a naga warrior
  5582 | D        | Reached XP level 13. HP: 102/134 MP: 7/10
  5583 | D        | Found Wufasyg's Gadget Shop.
  5583 | D        | Found Xeunia's Magic Scroll Shoppe.
  5586 | D        | Killed a nagaraja
  5731 | D        | Found Kakogydgh's Antique Armour Boutique.
  5738 | D        | Bought a scroll of blinking for 105 gold pieces
  5738 | D        | Bought a scroll of fog for 28 gold pieces
  5738 | D        | Bought a scroll of magic mapping for 49 gold pieces
  5738 | D        | Bought a scroll of fear for 49 gold pieces
  5738 | D        | Bought a scroll of enchant armour for 105 gold pieces
  5738 | D        | Bought a scroll of enchant armour for 105 gold pieces
  5738 | D        | Bought a scroll of enchant armour for 105 gold pieces
  5738 | D        | Bought a scroll of enchant armour for 105 gold pieces
  5752 | D        | Got a serpentine rune of Zot
  6243 | D        | Noticed Rupert
  6253 | D        | Killed Rupert
  6331 | D        | Noticed an azure jelly
  6331 | D        | Noticed an azure jelly
  6331 | D        | Noticed an azure jelly
  6331 | D        | Noticed an azure jelly
  6335 | D        | Noticed a dire elephant
  6335 | D        | Noticed a dire elephant
  6335 | D        | Noticed Gastronok
  6345 | D        | Killed Gastronok
  6347 | D        | Killed a dire elephant
  6351 | D        | Killed a dire elephant
  6948 | D        | Noticed Polyphemus
  6985 | D        | Killed Polyphemus
  7328 | D        | Noticed Ilsuiw
  7342 | D        | Killed Ilsuiw
  7406 | D        | Found Ciejo's Magic Scroll Shoppe.
  7425 | D        | Found Pumu's Antique Armour Boutique.
  7426 | D        | Found Kostraufu's Gadget Emporium.
  7427 | D        | Noticed a merfolk javelineer
  7433 | D        | Killed a merfolk javelineer
  7654 | D        | Bought a scroll of immolation for 49 gold pieces
  7654 | D        | Bought a scroll of enchant armour for 105 gold pieces
  7655 | D        | Bought a pair of crude gloves for 256 gold pieces
  7664 | D        | Identified the +2 pair of gloves of Deygahony {Str+8 Int+5
                  | Dex-5} (You bought it in a shop in the Dungeon)
  7674 | D        | Got a barnacled rune of Zot
  7813 | D        | Bought the -2 hat of the Alchemist {rElec rPois rF+ rC+ rN+
                  | MR+ rMut rCorr} for 849 gold pieces
  7813 | D        | Found the -2 hat of the Alchemist {rElec rPois rF+ rC+ rN+
                  | MR+ rMut rCorr}
  7833 | D        | Bought a manual of Armour for 1435 gold pieces
  7842 | D        | Bought a potion of cancellation for 96 gold pieces
  7842 | D        | Bought a potion of curing for 36 gold pieces
  7842 | D        | Bought a potion of heal wounds for 60 gold pieces
  7842 | D        | Bought a potion of heal wounds for 60 gold pieces
  7842 | D        | Bought a potion of curing for 36 gold pieces
  7842 | D        | Bought a potion of haste for 120 gold pieces
  7842 | D        | Bought a potion of ambrosia for 96 gold pieces
  7842 | D        | Bought a potion of mutation for 96 gold pieces
  7842 | D        | Bought 2 potions of might for 96 gold pieces
  7855 | D        | Bought a +2 crystal plate armour for 1196 gold pieces
  7964 | D        | Reached XP level 14. HP: 149/149 MP: 11/11
  8164 | D        | Noticed Boris
  8185 | D        | Killed Boris
  8500 | D        | Noticed Mennas
  8521 | D        | Killed Mennas
  8809 | D        | Noticed Mara
  8815 | D        | Noticed olmar's illusion
  8832 | D        | Killed Mara
  8999 | D        | Noticed a vampire knight
  9013 | D        | Killed a vampire knight
  9083 | D        | Noticed a vampire knight
  9092 | D        | Killed a vampire knight
  9105 | D        | Noticed a storm dragon
  9118 | D        | Killed a storm dragon
  9125 | D        | Noticed Nikola
  9138 | D        | Killed Nikola
  9138 | D        | Reached XP level 15. HP: 120/162 MP: 10/12
  9230 | D        | Found Wyciunlo's Gadget Shoppe.
  9230 | D        | Found Wuevvoc's Armour Shop.
  9255 | D        | Found Vasecij's Distillery.
  9255 | D        | Found Isutze Culak's Armour Emporium.
  9255 | D        | Noticed Roxanne
  9283 | D        | Killed Roxanne
  9299 | D        | Bought a potion of invisibility for 112 gold pieces
  9299 | D        | Bought a potion of curing for 42 gold pieces
  9299 | D        | Bought 2 potions of curing for 84 gold pieces
  9299 | D        | Bought a potion of haste for 140 gold pieces
  9299 | D        | Bought a potion of haste for 140 gold pieces
  9299 | D        | Bought a potion of haste for 140 gold pieces
  9299 | D        | Bought a potion of might for 56 gold pieces
  9299 | D        | Bought a potion of haste for 140 gold pieces
  9299 | D        | Bought a potion of might for 56 gold pieces
  9918 | D        | Noticed Geryon
  9939 | D        | Killed Geryon
 10253 | D        | Identified the +10 giant club of Hatred {speed, *Corrode
                  | rPois rN++}
 10253 | D        | Noticed an iron giant
 10272 | D        | Killed an iron giant
 10577 | D        | Noticed an iron dragon
 10587 | D        | Killed an iron dragon
 10712 | D        | Noticed a Hell Sentinel
 10734 | D        | Killed a Hell Sentinel
 11203 | D        | Noticed the Serpent of Hell
 11205 | D        | Noticed a golden dragon
 11217 | D        | Noticed a shadow dragon
 11218 | D        | Noticed a Brimstone Fiend
 11221 | D        | Noticed a shadow dragon
 11224 | D        | Noticed an iron dragon
 11229 | D        | Noticed an iron dragon
 11239 | D        | Killed the Serpent of Hell
 11242 | D        | Killed a Brimstone Fiend
 11242 | D        | Reached skill level 15 in Evocations
 11720 | D        | Found Zithrov's Gadget Boutique.
 11722 | D        | Noticed a white draconian knight
 11732 | D        | Killed a white draconian knight
 11737 | D        | Reached XP level 16. HP: 169/178 MP: 13/13
 11794 | D        | Bought a wand of digging (4) for 176 gold pieces
 11859 | D        | Noticed Nellie
 11872 | D        | Killed Nellie
 11987 | D        | Noticed a Tzitzimitl
 12090 | D        | Noticed a deep elf master archer
 12097 | D        | Killed a deep elf master archer
 12136 | D        | Got a coiled bone ring
 12136 | D        | Got a sparkling wooden ring
 12142 | D        | Got a warped morningstar
 12143 | D        | Identified Fovigien's Grimoire of Enchantment
 12248 | D        | Got a demonic rune of Zot
 12251 | D        | Identified the +12 morningstar "Qujookhy" {elec, rN+ MR+
                  | Int+3} (You found it in the Dungeon)
 12262 | D        | Identified the ring of Dicw {rC+ MP+9} (You found it in the
                  | Dungeon)
 12264 | D        | Identified the ring "Muho" {rN+ Int+3} (You found it in the
                  | Dungeon)
 12396 | D        | Noticed a bone dragon
 12405 | D        | Killed a bone dragon
 12617 | D        | Noticed a bone dragon
 12627 | D        | Killed a bone dragon
 12661 | D        | Reached skill level 27 in Maces & Flails
 12696 | D        | Noticed a bone dragon
 12703 | D        | Killed a bone dragon
 12769 | D        | Noticed a sphinx
 12769 | D        | Noticed a sphinx
 12773 | D        | Killed a sphinx
 12777 | D        | Killed a sphinx
 12777 | D        | Reached skill level 27 in Fighting
 12887 | D        | Reached skill level 27 in Armour
 13237 | D        | Reached skill level 27 in Shields
 13253 | D        | Gained mutation: Scrolls take you a little longer to read.
                  | [mutagenic glow]
 13411 | D        | Noticed a greater mummy
 13411 | D        | Noticed a greater mummy
 13418 | D        | HP: 7/183 [greater mummy/divine providence (11)]
 13434 | D        | Killed a greater mummy
 13434 | D        | Reached skill level 1 in Dodging
 13444 | D        | Killed a greater mummy
 13444 | D        | Reached XP level 17. HP: 40/191 MP: 5/14
 13587 | D        | Got a golden rune of Zot
 13777 | D        | Acquired 1000 gold pieces
 13781 | D        | Acquired a manual of Dodging
 13783 | D        | Acquired the amulet of the Genius {Acrobat rC+ MR+ Slay+2}
 13801 | D        | Acquired 761 gold pieces
 13803 | D        | Acquired the ring "Cogat" {rN+ AC+4 Int+4}
 14000 | D        | Noticed Nessos
 14022 | D        | Killed Nessos
 14035 | D        | Paralysed by a floating eye for 2 turns
 14043 | D        | Lost mutation: Your muscles are strong. (Str +2) [potion of
                  | mutation]
 14043 | D        | Lost mutation: Scrolls take you a little longer to read.
                  | [potion of mutation]
 14043 | D        | Lost mutation: Your magical capacity is low. (-10% MP)
                  | [potion of mutation]
 14043 | D        | Gained mutation: Your spells are a little harder to cast,
                  | but a little more powerful. [potion of mutation]
 14055 | D        | Noticed a deep elf blademaster
 14055 | D        | Noticed a deep elf blademaster
 14063 | D        | Killed a deep elf blademaster
 14067 | D        | Killed a deep elf blademaster
 14187 | D        | Noticed a Killer Klown
 14204 | D        | Killed a Killer Klown
 14204 | D        | Reached skill level 5 in Dodging
 14450 | D        | Noticed a Hell Sentinel
 14450 | D        | Noticed a Hell Sentinel
 14450 | D        | Identified the +4 staff of Dispater
 14450 | D        | Noticed Dispater
 14459 | D        | Killed a Hell Sentinel
 14471 | D        | Killed a Hell Sentinel
 14472 | D        | Noticed an Ice Fiend
 14485 | D        | Noticed an Orb Guardian
 14491 | D        | Killed Dispater
 14672 | D        | Got a steaming ivory ring
 14674 | D        | Got an iron rune of Zot
 14675 | D        | Identified the Collected Works on Flamy Stones
 14770 | D        | Noticed a greater mummy
 14778 | D        | Killed a greater mummy
 14911 | D        | Noticed Gloorx Vloq
 15025 | D        | Killed Gloorx Vloq
 15410 | D        | Noticed a greater mummy
 15419 | D        | Killed a greater mummy
 15419 | D        | Reached skill level 27 in Evocations
 15441 | D        | Noticed a greater mummy
 15461 | D        | Killed a greater mummy
 15461 | D        | Reached skill level 15 in Dodging
 16114 | D        | Noticed Murray
 16131 | D        | Killed Murray
 16155 | D        | Noticed a greater mummy
 16160 | D        | Noticed a greater mummy
 16167 | D        | Killed a greater mummy
 16167 | D        | Reached XP level 18. HP: 88/200 MP: 17/17
 16428 | D        | Killed a greater mummy
 16439 | D        | Got a bone rune of Zot
 16675 | D        | Noticed Chuck
 16711 | D        | Killed Chuck
 16735 | D        | Noticed Sojobo
 16744 | D        | Killed Sojobo
 16767 | D        | Noticed a lich
 16771 | D        | Killed a lich
 16855 | D        | Reached skill level 27 in Dodging
 16858 | D        | Reached skill level 5 in Hexes
 16858 | D        | Reached skill level 5 in Necromancy
 16858 | D        | Reached skill level 5 in Translocations
 16878 | D        | Reached skill level 10 in Necromancy
 16878 | D        | Reached skill level 10 in Translocations
 16985 | D        | Found the +3 giant club "Skullcrusher" {speed, Str+7}
 17006 | D        | Got a silver rune of Zot
 17019 | D        | Got a sparkling steel ring
 17032 | D        | Acquired 557 gold pieces
 17568 | D        | Gained mutation: You are clumsy. (Dex -2) [a shining eye]
 17869 | D        | Gained mutation: Your flesh is cold resistant. (rC+) [a
                  | shining eye]
 17880 | D        | Reached skill level 10 in Stealth
 17994 | D        | Found a viscous altar of Jiyva.
 17994 | D        | Noticed the Royal Jelly
 17997 | D        | Got a slimy rune of Zot
 18042 | D        | Killed the Royal Jelly
 18042 | D        | Reached skill level 15 in Stealth
 18042 | D        | Reached XP level 19. HP: 93/207 MP: 18/18
 18343 | D        | Identified the Handbook of Ashen Contamination
 18347 | D        | Identified the ring of the Sky {Ice Int+2 Dex+2} (You found
                  | it in the Dungeon)
 18349 | D        | Identified the ring "Hiuz" {MR+ Str+3 Int+5 Dex-4} (You
                  | found it in the Dungeon)
 18557 | D        | Noticed Azrael
 18560 | D        | Killed Azrael
 18567 | D        | Acquired 856 gold pieces
 18568 | D        | Acquired 647 gold pieces
 18796 | D        | Noticed Antaeus
 18819 | D        | Killed Antaeus
 19072 | D        | Got an icy rune of Zot
 19686 | D        | Identified Zydyco's Volume of Toxic Malediction
 20077 | D        | Got a translucent morningstar
 20078 | D        | Identified The Lost Secrets of Witchcraft
 20079 | D        | Got a scintillating silver ring
 20081 | D        | Got an obsidian rune of Zot
 20130 | D        | Identified the +2 morningstar of the Protecting Whale
                  | {holy, MR++} (You found it in the Dungeon)
 20131 | D        | Identified the ring "Ahuyxoga" {Fire MP+9} (You found it in
                  | the Dungeon)
 20244 | D        | Noticed an ancient lich
 20250 | D        | Killed an ancient lich
 20260 | D        | Noticed an electric golem
 20265 | D        | Killed an electric golem
 20371 | D        | Identified the +4 dragonskin cloak
 20371 | D        | Noticed Tiamat
 20392 | D        | Killed Tiamat
 20693 | D        | Noticed an orb of fire
 20705 | D        | Gained mutation: You are very clumsy. (Dex -4) [an orb of
                  | fire]
 20712 | D        | Gained mutation: Armour fits poorly on your strangely
                  | shaped body. [an orb of fire]
 20714 | D        | Killed an orb of fire
 20741 | D        | Gained mutation: Your magical capacity is low. (-10% MP)
                  | [mutagenic glow]
 20750 | D        | Lost mutation: Your magical capacity is low. (-10% MP)
                  | [mutagenic glow]
 20763 | D        | Gained mutation: You tend to lose your temper in combat.
                  | [mutagenic glow]
 20781 | D        | Gained mutation: Scrolls take you a little longer to read.
                  | [mutagenic glow]
 21164 | D        | Lost mutation: You are very clumsy. (Dex -4) [potion of
                  | mutation]
 21164 | D        | Lost mutation: You tend to lose your temper in combat.
                  | [potion of mutation]
 21164 | D        | Gained mutation: Your magical capacity is low. (-10% MP)
                  | [potion of mutation]
 21165 | D        | Got the Orb of Zot
 21180 | D        | Gained mutation: Scrolls take you longer to read.
                  | [mutagenic glow]
 21198 | D        | Gained mutation: Scrolls take you much longer to read.
                  | [mutagenic glow]
 21216 | D        | Reached skill level 27 in Stealth
 21229 | D        | Reached skill level 5 in Throwing
 21303 | D        | Reached skill level 10 in Throwing
 21333 | D        | Noticed Zawuram the pandemonium lord
 21346 | D        | Killed Zawuram the pandemonium lord
 21346 | D        | Reached XP level 20. HP: 127/216 MP: 17/17
 21457 | D        | Noticed Lezerohi the pandemonium lord
 21480 | D        | Killed Lezerohi the pandemonium lord
 21480 | D        | Reached skill level 15 in Throwing
 21486 | D        | Escaped with the Orb!

Illustrated notes

Levels and vault maps discovered:
D:        dungeon_sprint_mu [sprint_mu_entry_forest, sprint_mu_temple_rooms,
          sprint_mu_d1_spiders, sprint_mu_d2_genie, sprint_mu_d3_branching,
          sprint_mu_orc_legion, sprint_mu_elf_gauntlet, sprint_mu_hive_nellie,
          sprint_mu_lair_fedhas, sprint_mu_vaults_butterflies,
          sprint_mu_slime_circle, sprint_mu_shoals_archi,
          sprint_mu_snake_twists, sprint_mu_blade_basic,
          sprint_mu_crypt_chambers, sprint_mu_tomb_spiral,
          sprint_mu_vestibule_basic, sprint_mu_gehenna_hellfire,
          sprint_mu_dis_giant, sprint_mu_tartarus_statrot,
          sprint_mu_cocytus_islands, sprint_mu_zot1]

Skill      XL: |  1  2  3  4  5  6  7  8  9 10 11 12 13 14 15 16 17 18 19 20 |
---------------+-------------------------------------------------------------+-----
Fighting       | 5 6 7 9 10 11 12 13 14 16 18 20 22 25 27 | 27.0
Armour         | 5 6 8 9 10 12 13 15 16 19 20 23 26 27 | 27.0
Shields        | 5 6 8 9 10 11 12 15 17 19 21 24 27 | 27.0
Maces & Flails | 3 4 5 7 9 11 13 15 16 18 19 21 24 26 27 | 27.0
Evocations     | 1 3 5 8 9 11 12 13 15 20 27 | 27.0
Dodging        | 2 20 27 | 27.0
Hexes          | 9 |  9.7
Necromancy     | 11 | 11.0
Translocations | 11 | 11.1
Stealth        | 15 27 | 27.0
Throwing       | 12 15 | 15.2

Action                   |  1- 3 |  4- 6 |  7- 9 | 10-12 | 13-15 | 16-18 | 19-21 || total
-------------------------+-------+-------+-------+-------+-------+-------+-------++-------
Melee: Flail             |    17 |    23 |    53 |       |       |       |       ||    93
       Headbutt          |     2 |     5 |    24 |    51 |   125 |   132 |    56 ||   395
       Morningstar       |       |       |    28 |    86 |       |   478 |   215 ||   807
       Eveningstar       |       |       |       |   108 |   409 |    27 |       ||   544
Invok: Call Merchant     |       |       |     3 |       |     7 |     2 |       ||    12
       Potion Petition   |       |       |       |       |       |    11 |       ||    11
 Abil: Evoke Flight      |       |       |       |       |       |       |     9 ||     9
Evoke: Box of beasts     |       |     3 |    18 |    15 |    23 |    27 |    22 ||   108
       Condenser vane    |       |       |       |    13 |    21 |    22 |    10 ||    66
       Horn of Geryon    |       |       |       |       |     4 |     2 |     3 ||     9
       Wand              |       |       |       |       |       |    12 |     2 ||    14
       Lightning rod     |       |       |       |       |       |    11 |     7 ||    18
       Phial of floods   |       |       |       |       |       |       |     1 ||     1
  Use: Potion            |     4 |     1 |     1 |     1 |     7 |    23 |    10 ||    47
       Scroll            |       |       |       |     1 |    13 |     9 |     7 ||    30
 Stab: Distracted        |       |       |     3 |     4 |     4 |     4 |     1 ||    16
       Confused          |       |       |       |       |     1 |       |       ||     1
       Sleeping          |       |       |       |       |       |     4 |       ||     4
Armor: Scale mail        |     6 |     1 |    10 |       |       |       |       ||    17
       Chain mail        |       |       |     1 |    62 |    12 |       |       ||    75
       Crystal plate arm |       |       |       |       |   187 |   433 |   123 ||   743
       Skin              |       |       |       |       |       |     4 |       ||     4
Dodge: Dodged            |     2 |     1 |    10 |    64 |    97 |   216 |   108 ||   498
Block: Kite shield       |     3 |     4 |    26 |       |       |       |       ||    33
       Buckler           |       |       |     2 |   100 |   192 |   366 |   151 ||   811

Table legend: (Time is in decaauts) A = Elapsed time spent in this place. B = Non-inter-level travel time spent in this place. C = Inter-level travel time spent in this place. D = Time resting spent in this place. E = Time spent auto-exploring this place. F = Levels seen in this place. G = Mean time per level. A B C D E F G +--------+--------+--------+--------+--------+-----+--------+ Total | 21156 | 19611 | 1545 | 14585 | 149 | 1 | 21156.0 | Dungeon | 21156 | 19611 | 1545 | 14585 | 149 | 1 | 21156.0 | +--------+--------+--------+--------+--------+-----+--------+

Top non-repeatable levels by time:
       D: 21156 daAuts
